 Dungeon Crawl Stone Soup version 0.28.0 (webtiles) character file.

Game seed: 211055356876363675

4932 HallandMoats the Nimble (level 10, -4/72 HPs)
             Began as an Octopode Monk on Feb 7, 2022.
             Was a Priest of Qazlal.
             Slain by a shadow (11 damage)
             ... on level 9 of the Dungeon.
             The game lasted 00:09:48 (11136 turns).

HallandMoats the Nimble (Octopode Monk)            Turns: 11136, Time: 00:09:48

Health: -4/72      AC:  3    Str: 12    XL:     10   Next: 52%
Magic:  10/14      EV: 17    Int: 13    God:    Qazlal [***...]
Gold:   228        SH:  4    Dex: 15    Spells: 9/9 levels left

rFire   . . .      SeeInvis .     - Unarmed
rCold   . . .      Faith    .   (no shield)
rNeg    . . .      Spirit   .   m - +2 hat
rPois   .          Reflect  .   l - amulet of the acrobat
rElec   .          Harm     .   (no ring)
rCorr   .          Rampage  .   (no ring)
Will    .....                   (no ring)
Stlth   +++.......              (no ring)
HPRegen 0.22/turn               (no ring)
MPRegen 0.14/turn               (no ring)
                                (no ring)
                                (no ring)

@: studying Polearms
A: almost no armour, amphibious, 8 rings, camouflage 1, gelatinous body 1,
(nimble swimmer 1), tentacles, antennae 1, passive freeze, weak 1, MP-powered
wands
a: Renounce Religion, Upheaval, Elemental Force


You were on level 9 of the Dungeon.
You worshipped Qazlal.
Qazlal was most pleased with you.
You visited 1 branch of the dungeon, and saw 10 of its levels.

You collected 450 gold pieces.
You spent 222 gold pieces at shops.

Inventory:

Missiles
 o - a throwing net (quivered)
Armour
 m - a +2 hat (worn)
Jewellery
 l - an amulet of the acrobat (around mantle)
Wands
 b - a wand of polymorph (9)
 g - a wand of digging (8)
Scrolls
 a - 2 scrolls of fog
 d - a scroll of teleportation {unknown}
 e - a scroll of holy word
 i - 2 scrolls of identify
 j - a scroll of summoning
 k - a scroll of magic mapping
 p - a scroll of blinking
Potions
 c - 2 potions of curing
 f - a potion of flight
 n - a potion of haste


   Skills:
 * Level 8.2 Fighting
 * Level 8.2 Dodging
 + Level 8.0 Stealth
 * Level 8.2 Unarmed Combat
 + Level 2.4 Poison Magic
 + Level 5.5 Invocations


You had 9 spell levels left.
You didn't know any spells.
Your spell library contained the following spells:

 Spells                   Type           Power      Damage    Failure   Level
 Sting                    Tmut/Pois      12%        1d3       19%         1
 Poisonous Vapours        Pois/Air       6%         N/A       28%         2
 Gell's Gravitas          Tloc           0%         N/A       67%         3
 Lesser Beckoning         Tloc           0%         N/A       67%         3
 Summon Guardian Golem    Hex/Summ       0%         N/A       67%         3
 Teleport Other           Tloc           0%         N/A       67%         3
 Olgreb's Toxic Radiance  Pois           6%         N/A       75%         4
 Orb of Destruction       Conj           0%         9d5       100%        7
 Spellforged Servitor     Conj/Summ      0%         N/A       100%        7


Dungeon Overview and Level Annotations

Branches:
Dungeon (10/15)            Temple (0/1) D:4
   Lair: D:8-11         Orc: D:9-12

Altars:
Qazlal
The Shining One

Shops:
D:1 ?   D:2 !   D:3 [   D:8 (:[[:


Innate Abilities, Weirdness & Mutations

You cannot wear most types of armour.
You are amphibious.
You can wear up to eight rings at the same time.
Your skin changes colour to match your surroundings (Stealth+).
Your rubbery body absorbs attacks. (AC +1, EV +1)
((You are camouflaged when in or above water. (Stealth+)))
You have tentacles for arms and can constrict up to eight enemies at once.
You have a pair of small antennae on your head.
A frigid envelope surrounds you and freezes all who hurt you.
You are weak. (Str -2)
You expend magic power (3 MP) to strengthen your wands.


Message History

The death knight offers itself to Yredelemnul, and fills with unholy energy.
A hornet comes into view.
The shadow closely misses you.
The shadow strikes at you from the darkness!
The shadow completely resists.
There is a stone staircase leading up here.
You block the shadow's attack. The shadow misses you.
You climb upwards.
There is a stone staircase leading down here.
The shadow closely misses you.
The shadow slips into darkness.
The shadow flickers and vanishes!
Deactivating autopickup; reactivate with Ctrl-A.
The shadow strikes at you from the darkness!
You see here a +1 morningstar of freezing.
Activating: Elemental Force (10% risk of failure)
Press: ? - help, Dir - look around, f - activate
Okay, then.
Unknown command.
The shadow strikes at you from the darkness!
* * * LOW HITPOINT WARNING * * *
Reactivating autopickup.
The shadow completely resists.
Activating: Elemental Force (10% risk of failure)
Press: ? - help, Dir - look around, f - activate Clouds arounds you coalesce and take form!
The storm surrounding you is now too weak to repel missiles.
You will no longer adapt resistances upon receiving elemental damage.
The shadow completely misses you.
The shadow slips into darkness.
The shadow flickers and vanishes!
Deactivating autopickup; reactivate with Ctrl-A.
Unknown command.
The shadow slips into darkness.
The shadow flickers and vanishes!
Your earth elemental disappears in a puff of smoke!
The shadow strikes at you from the darkness!
You miss something.
The shadow strikes at you from the darkness! x2
You die...

#...# ##.#######
################.......##########
)).))..........#.###.#...........
<.!............#.###.#...........
...............#[###.#...........
##############.......############
#######.# #.@.##.# #{☼{...#
#...#### #...# #...# #(..# #§..#
#...# #..)#


There were no monsters in sight!

Vanquished Creatures
  Maggie (D:8)
  A hornet (D:9)
  A slime creature (D:6)
  Sigmund (D:6)
  A wyvern (D:9)
  2 water moccasins
  A sky beast (D:5)
  A black bear (D:6)
  An orc warrior (D:6)
  2 ice beasts
  6 ogres
  3 necrophages
  A centaur (D:9)
  A bullfrog (D:6)
  2 gnoll sergeants
  4 scorpions
  A water moccasin skeleton (D:4)
  6 killer bees
  5 wights
  An electric eel (D:7)
  A centaur zombie (D:9)
  2 bullfrog zombies
  2 hounds
  2 jellies
  3 orc priests
  A bullfrog skeleton (D:5)
  A centaur skeleton (D:7)
  Jessica (D:2)
  An iguana (D:5)
  A scorpion zombie (D:5)
  2 orc wizards
  4 killer bee zombies
  A hound skeleton (D:4)
  2 howler monkey skeletons (D:6)
  11 gnolls
  9 adders
  A shadow imp (D:6)
  A white imp (D:6)
  2 worms
  3 dart slugs (D:4)
  17 orcs
  6 endoplasms
  A giant cockroach (D:2)
  4 goblins
  8 hobgoblins
  2 jackals (D:4)
  8 kobolds
  2 quokkas
  4 ball pythons
  3 bats (D:3)
  7 frilled lizards
  4 rats
159 creatures vanquished.

Vanquished Creatures (collateral kills)
  A two-headed ogre (D:8)
1 creature vanquished.

Grand Total: 160 creatures vanquished

Notes
Turn   | Place    | Note
-------+----------+-------------------------------------------
     0 | D:1      | HallandMoats the Octopode Monk began the quest for the Orb.
     0 | D:1      | Reached XP level 1. HP: 16/16 MP: 1/1
    65 | D:1      | Found Agest's Magic Scroll Shop.
   359 | D:1      | Found a faded altar of an unknown god.
   368 | D:1      | Prayed at the altar of an unknown god.
   368 | D:1      | Became a worshipper of Qazlal Stormbringer
   368 | D:1      | Reached * piety under Qazlal
   368 | D:1      | Reached ** piety under Qazlal
   650 | D:2      | Reached XP level 2. HP: 16/21 MP: 2/2
   862 | D:2      | Found Qioroc's Distillery.
   875 | D:2      | Reached *** piety under Qazlal
  1135 | D:2      | Bought a potion of curing for 33 gold pieces
  1143 | D:2      | Noticed Jessica
  1148 | D:2      | Killed Jessica
  1149 | D:2      | Reached XP level 3. HP: 26/26 MP: 3/3
  1459 | D:2      | Reached skill level 1 in Invocations
  1459 | D:2      | Reached XP level 4. HP: 31/31 MP: 4/4
  1747 | D:3      | Reached XP level 5. HP: 21/37 MP: 4/6
  2382 | D:3      | Found Immana's Antique Armour Boutique.
  3107 | D:4      | Gained mutation: You are covered in fur. (AC +1) [potion of
                  | mutation]
  3108 | D:4      | Lost mutation: You are covered in fur. (AC +1) [potion of
                  | mutation]
  3108 | D:4      | Gained mutation: You have a pair of small antennae on your
                  | head. [potion of mutation]
  3108 | D:4      | Gained mutation: You are weak. (Str -2) [potion of
                  | mutation]
  3108 | D:4      | Gained mutation: A frigid envelope surrounds you and
                  | freezes all who hurt you. [potion of mutation]
  3108 | D:4      | Gained mutation: You expend magic power (3 MP) to
                  | strengthen your wands. [potion of mutation]
  3150 | D:4      | Reached **** piety under Qazlal
  3325 | D:4      | Noticed an ogre
  3329 | D:4      | Reached XP level 6. HP: 43/43 MP: 7/7
  3756 | D:4      | Noticed a necrophage
  3763 | D:4      | Killed a necrophage
  3764 | D:4      | Reached XP level 7. HP: 38/49 MP: 8/8
  4303 | D:4      | Found a glowing golden altar of the Shining One.
  4348 | D:4      | Found a staircase to the Ecumenical Temple.
  4388 | D:5      | Entered Level 5 of the Dungeon
  4420 | D:5      | Reached skill level 5 in Dodging
  4454 | D:4      | Reached skill level 5 in Fighting
  4454 | D:4      | Reached skill level 5 in Stealth
  4454 | D:4      | Reached skill level 5 in Unarmed Combat
  4854 | D:5      | Reached XP level 8. HP: 20/55 MP: 10/10
  5682 | D:6      | Noticed Sigmund
  5697 | D:6      | Killed Sigmund
  5885 | D:6      | Reached XP level 9. HP: 51/63 MP: 11/11
  9109 | D:8      | Found Zoho Hopp's Antique Armour Shop.
  9117 | D:8      | Bought a glowing hat for 189 gold pieces
  9124 | D:8      | Found Wukhym's Antique Armour Shop.
  9146 | D:8      | Noticed Maggie
  9164 | D:8      | Killed Maggie
  9165 | D:8      | Reached skill level 5 in Invocations
  9165 | D:8      | Reached XP level 10. HP: 51/72 MP: 13/13
  9271 | D:8      | Reached skill level 1 in Poison Magic
  9603 | D:8      | Found Vechaohe's Book Shoppe.
  9817 | D:8      | Found Duzyasch's Weapon Shoppe.
  9984 | D:8      | Found Rops's Book Boutique.
 10049 | D:9      | Paralysed by a hornet for 2 turns
 10426 | D:9      | Noticed a two-headed ogre
 10958 | D:8      | Killed a two-headed ogre
 11113 | D:10     | Entered Level 10 of the Dungeon
 11114 | D:10     | Noticed a death knight
 11136 | D:9      | Slain by a shadow

Illustrated notes

Levels and vault maps discovered:
D:1:      matt_arrival_refuge, layout_rooms, serial_shops,
          nicolae_lakefront_shop, dreamdust_ecumenical_altar_sealed_demon,
          hangedman_decor_points
D:2:      layout_rooms, serial_shops, shop_fountains, uniq_jessica
D:3:      layout_loops_cross, serial_shops, nicolae_lakefront_shop,
          saegor_snake_ambush
D:4:      layout_gridville, kennysheep_mini_moat, temple_doors_cd,
          roderic_lattice_a
D:5:      layout_loops_ring
D:6:      layout_loops_cross, feat_on_display, uniq_sigmund
D:7:      layout_basic, fountainhead, minmay_manual_mess
D:8:      layout_basic, serial_shops, shop, shop, shop,
          nicolae_shop_bloodbath_and_beyond, nicolae_shop_behind_doors,
          uniq_maggie
D:9:      layout_cross, minmay_misc_feat_encased
D:10:     layout_small_grid, serial_shops, nicolae_shop_waterfront, minmay_bent

Skill      XL: |  1  2  3  4  5  6  7  8  9 10 |
---------------+-------------------------------+-----
Stealth        | 3 4 5 6 7 8 |  8.0
Invocations    | 1 2 3 5 |  5.5
Dodging        | 4 5 6 7 8 |  8.2
Fighting       | 4 5 6 7 8 |  8.2
Unarmed Combat | 4 5 6 7 8 |  8.2
Poison Magic   | 2 |  2.4

Action                   |  1- 3 |  4- 6 |  7- 9 | 10-12 || total
-------------------------+-------+-------+-------+-------++-------
Melee: Unarmed           |    49 |   138 |   216 |    53 ||   456
       Constrict         |    14 |    27 |    46 |    10 ||    97
       Tentacles         |    10 |    27 |    60 |    20 ||   117
       Punch             |     1 |     6 |    14 |     1 ||    22
Invok: Elemental Force   |       |       |       |     2 ||     2
  Use: Scroll            |       |     3 |     7 |     5 ||    15
       Potion            |       |     2 |       |     1 ||     3
 Stab: Sleeping          |     3 |       |       |       ||     3
Armor: Skin              |     3 |     7 |     8 |     2 ||    20
Dodge: Dodged            |    29 |    81 |   138 |    60 ||   308
       Repelled          |       |     1 |     5 |     1 ||     7
Block: Other             |     6 |    18 |    46 |    15 ||    85
